 Dungeon Crawl Stone Soup version 0.17.1-3-g152610e (webtiles) character file.

259 GFox the Skirmisher (level 5, -7/42 HPs)
             Began as a Demonspawn Chaos Knight on Apr 3, 2016.
             Mangled by an ogre
             ... wielding a +0 giant club
              (18 damage)
             ... on level 4 of the Dungeon.
             The game lasted 00:26:47 (3930 turns).

GFox the Skirmisher (Demonspawn Chaos Knight)       Turns: 3930, Time: 00:27:01

Health: -7/42      AC:  9    Str: 13    XL:     5   Next: 94%
Magic:  5/5        EV: 11    Int: 14    God:    Xom [.*....]
Gold:   103        SH:  0    Dex: 12    Spells: 0 memorised, 4 levels left

rFire  + . .     SeeInvis +     a - +0 hand axe (chaos)
rCold  . . .     Clarity  .     h - +0 ring mail {rF+}
rNeg   . . .     SustAt   .     (no shield)
rPois  .         Gourm    .     (no helmet)
rElec  .         Spirit   .     (no cloak)
rCorr  +         Warding  .     (no gloves)
rMut   .         Stasis   .     (no boots)
MR     .....                    m - amulet of resist corrosion
Stlth  +.........               j - +2 ring of protection
                                i - ring of see invisible

@: not resistant to hostile enchantments, very unstealthy
A: claws 2, slimy green scales 1, rot immunity
a: Renounce Religion


You were on level 4 of the Dungeon.
You worshipped Xom.
You were a plaything of Xom.
You were not hungry.

You visited 1 branch of the dungeon, and saw 4 of its levels.

You collected 103 gold pieces.

Inventory:

Hand Weapons
 a - a +0 hand axe of chaos (weapon)
Armour
 b - a +2 leather armour
 h - a +0 ring mail of fire resistance (worn)
Jewellery
 i - a ring of see invisible (left claw)
 j - a +2 ring of protection (right claw)
 m - an amulet of resist corrosion (around neck)
Wands
 r - a wand of random effects (26)
Scrolls
 e - 3 scrolls of teleportation
 f - 2 scrolls of remove curse
 q - a scroll of magic mapping {unknown}
Potions
 d - a potion of cancellation {unknown}
 g - a potion of resistance {unknown}
 n - 2 potions of mutation {unknown}
 o - a potion of degeneration {unknown}
 s - a potion of curing {unknown}
Comestibles
 c - 3 bread rations
 k - a chunk of flesh
 l - 2 fruits
 p - 2 meat rations


   Skills:
 + Level 4.2 Fighting
 + Level 3.6 Axes
 + Level 3.2 Armour
 + Level 2.5 Dodging
 + Level 1.1 Stealth


You had 4 spell levels left.
You didn't know any spells.

Dungeon Overview and Level Annotations

Branches:
Dungeon (4/15)
 Temple: D:4-7

Altars:
Makhleb

Annotations:
D:4 CcS's ghost, weakling DrTm


Innate Abilities, Weirdness & Mutations

You have very sharp fingernails.
You are partially covered in slimy green scales (AC +2).
You are immune to rotting.


Message History

The ogre misses you. CcS's ghost hits you.
You hit the ogre but do no damage.
The ogre is lightly wounded.
You hit CcS's ghost.
CcS's ghost convulses.
CcS's ghost is heavily damaged.
CcS's ghost hits you but does no damage.
The ogre barely misses you.
You hit the ogre.
The ogre is lightly wounded.
You hit CcS's ghost but do no damage.
CcS's ghost is heavily damaged.
CcS's ghost hits you.
* * * LOW HITPOINT WARNING * * *
You hit the ogre.
The ogre is moderately wounded.
You hit CcS's ghost. You freeze CcS's ghost.
CcS's ghost is severely damaged.
The ogre hits you with a giant club!!
You die...
Xom is highly amused!

###.#####
.#(......#
#........#
#........#
##.......#
.........### .
#........# ...
###...W....##.....
......†@..<.......
..#...O#.###......
#......# .....
#......# <...
#......# .[.
#....... ..
.......# .
.......##


You could see an ogre (invisible) and CcS's ghost.

Vanquished Creatures
  2 hounds (D:4)
  5 adders (D:3)
  3 oozes
  A giant gecko (D:2)
  4 orcs (D:3)
  11 giant cockroaches
  7 goblins
  7 hobgoblins
  7 jackals
  A quokka (D:3)
  2 ball pythons (D:1)
  4 bats
  5 giant newts
  5 kobolds
  13 rats
77 creatures vanquished.

Vanquished Creatures (collateral kills)
  An ogre (D:3)
  A goblin (D:3)
2 creatures vanquished.

Vanquished Creatures (others)
  An orc priest (D:3)
  2 orcs (D:3)
  A giant cockroach (D:3)
4 creatures vanquished.

Grand Total: 83 creatures vanquished

Notes
Turn   | Place    | Note
--------------------------------------------------------------
     0 | D:1      | GFox the Demonspawn Chaos Knight began the quest for the Orb.
     0 | D:1      | Reached XP level 1. HP: 18/18 MP: 1/1
   164 | D:1      | Gained mutation: You have sharp fingernails. [demonic ancestry]
   164 | D:1      | Reached XP level 2. HP: 24/24 MP: 2/2
   309 | D:1      | Reached skill level 1 in Dodging
   579 | D:1      | XOM: harmless Tloc miscast
   777 | D:1      | Gained mutation: You have very sharp fingernails. [demonic ancestry]
   777 | D:1      | Reached XP level 3. HP: 29/29 MP: 3/3
   805 | D:1      | XOM: harmless Fire miscast
  1027 | D:2      | XOM: harmless Conj miscast
  1327 | D:2      | Found a burning altar of Makhleb.
  1327 | D:2      | Noticed a balrug
  1330 | D:2      | Noticed a neqoxec
  1330 | D:2      | Noticed a smoke demon
  1826 | D:3      | Gained mutation: You are immune to rotting. [demonic ancestry]
  1826 | D:3      | Reached XP level 4. HP: 16/36 MP: 4/4
  1934 | D:3      | XOM: vitrification
  2404 | D:3      | Noticed an ogre
  2405 | D:3      | XOM: divine lightning (protected)
  2411 | D:3      | XOM: summons friendly shadow imp
  2413 | D:3      | HP: 1/37 [ogre/giant spiked club (23)]
  2413 | D:3      | XOM: butterfly on damage
  2420 | D:3      | Killed an ogre
  2420 | D:3      | Reached skill level 4 in Fighting
  2420 | D:3      | Gained mutation: You are partially covered in slimy green scales (AC +2). [demonic ancestry]
  2420 | D:3      | Reached XP level 5. HP: 2/42 MP: 5/5
  2685 | D:3      | XOM: 3-stop teleportation journey
  3434 | D:3      | XOM: harmless Summ miscast
  3524 | D:3      | XOM: harmless Pois miscast
  3690 | D:3      | XOM: harmless Necr miscast
  3913 | D:4      | Noticed CcS's ghost (weakling DrTm)
  3921 | D:4      | Noticed an ogre
  3924 | D:4      | XOM: harmless Pois miscast
  3926 | D:4      | Reached skill level 1 in Stealth
  3930 | D:4      | Mangled by an ogre

Action                   |  1- 3 |  4- 6 || total
-------------------------+-------+-------++-------
Melee: Hand axe          |   150 |    98 ||   248
  Use: Scroll            |     2 |       ||     2
       Potion            |     2 |       ||     2
 Stab: Petrifying        |     1 |       ||     1
       Paralysed         |     2 |     4 ||     6
  Eat: Chunk             |     3 |     6 ||     9
       Fruit             |       |     1 ||     1
